Map: Galactic Process LE

Players

Nickos

  • Race: Terran Terran
  • League: Gold

KimchiMan - Winner!

  • Race: Zerg Zerg

VOD

Have the link to the VOD?

Description

Time

  • Played on: Sept. 2, 2016, 7:59 a.m.
  • Length: 15:15
Show
View Real Time Build Order
Export as new Build Order

Nickos Terran 

Build Orders: MMM Bio 

Get SALT Encoding   

  12  0:02  SCV  
  13  0:14  SCV  
  14  0:18  Supply Depot  
  14  0:26  SCV  
  15  0:41  Barracks  
  16  0:42  SCV  
  16  0:54  SCV  
  17  1:07  SCV  
  18  1:17  Command Center  
  18  1:20  SCV  
  19  1:32  Orbital Command  
  19  1:33  Marine  
  20  1:40  Supply Depot  
  20  1:51  Marine  
  21  1:57  Barracks  
  21  2:00  SCV  
  22  2:09  Marine  
  22  2:12  SCV  
  22  2:13  Barracks  
  24  2:24  SCV  
  25  2:30  Orbital Command  
  25  2:32  Refinery  
  25  2:35  Refinery  
  25  2:37  Marine, SCV  
  27  2:46  Marine  
  27  2:49  SCV  
  29  2:55  Marine  
  29  2:57  SCV  
  30  3:02  SCV  
  30  3:03  Marine  
  32  3:09  SCV  
  32  3:10  Barracks Tech Lab  
  33  3:17  Marine, SCV  
  33  3:18  Barracks  
  35  3:21  SCV  
  35  3:22  Barracks Reactor  
  36  3:29  SCV  
  36  3:33  SCV  
  38  3:36  Barracks Reactor  
  38  3:41  Barracks, SCV  
  38  3:45  SCV  
  40  3:50  Marine, Stimpack  
  41  3:56  SCV  
  41  3:59  SCV  
  41  4:02  Marine x2  
  45  4:08  SCV  
  46  4:12  Barracks Reactor  
  46  4:18  Marine  
  46  4:20  Factory  
  46  4:25  Bunker  
  46  4:35  Supply Depot  
  46  4:36  Supply Depot  
  46  4:43  Barracks Reactor  
  46  4:51  Barracks x2  
  46  4:57  SCV, Marine x6  
  46  4:58  Marine  
  46  4:59  Supply Depot  
  55  5:00  Supply Depot  
  52  5:09  SCV  
  49  5:15  Marine  
  49  5:19  Marine x3  
  49  5:20  Marine x3  
  51  5:29  Orbital Command  
  51  5:34  Marine x2  
  51  5:35  Marine  
  44  5:37  Marine x4  
  44  5:38  Marine x2  
  46  5:46  SCV  
  47  5:52  Marine x3  
  47  5:55  Marine  
  48  5:58  SCV  
  48  5:59  SCV  
  50  6:04  Marine  
  50  6:05  Marine x4  
  50  6:06  Factory Reactor  
  50  6:09  Starport, Barracks Reactor  
  50  6:10  Barracks Reactor, SCV  
  56  6:11  SCV  
  56  6:17  Marine x2  
  59  6:22  SCV, Marine, Marauder  
  59  6:25  Supply Depot  
  63  6:27  Supply Depot  
  63  6:32  Marine x3  
  66  6:33  Marine  
  66  6:36  Marine  
  66  6:37  Marine x2  
  70  6:40  Combat Shields  
  52  7:03  Marine  
  52  7:04  Marine x6  
  52  7:05  Marine x3  
  52  7:07  SCV  
  63  7:14  SCV  
  64  7:17  Marine  
  64  7:19  SCV  
  66  7:26  SCV  
  66  7:29  Marine x5  
  72  7:30  Marine  
  72  7:31  SCV  
  74  7:38  SCV  
  74  7:40  Marine x3  
  74  7:43  SCV  
  79  7:50  SCV  
  74  8:11  Marine  
  74  8:12  Marine x5  
  79  8:13  Marine x2  
  79  8:15  Command Center  
  79  8:19  SCV x2  
  84  8:25  Marine x3  
  84  8:26  Marine  
  88  8:31  SCV, Marine x3  
  88  8:32  Marine  
  93  8:39  SCV  
  93  8:41  Engineering Bay  
  94  9:02  Marine x2  
  94  9:03  SCV, Marine  
  94  9:04  Marine  
  94  9:05  SCV  
  85  9:15  SCV  
  85  9:16  Marine x4  
  85  9:17  SCV, Marine x5  
  74  9:20  Marine  
  79  9:27  SCV  
  79  9:29  SCV  
  81  9:32  Missile Turret  
  81  9:36  Missile Turret x2  
  81  9:40  SCV  
  81  9:41  SCV  
  81  9:42  Missile Turret, Marine x2  
  81  9:43  Marine x2  
  87  9:47  Marine  
  87  9:48  Marine x2  
  87  9:52  Medivac, SCV  
  91  9:53  SCV  
  94  10:04  SCV  
  94  10:05  SCV, Missile Turret, Marine x2  
  94  10:06  Marine  
  99  10:12  Marine x4  
  99  10:13  Marine x2  
  105  10:17  Supply Depot  
  105  10:23  Marine x2  
  105  10:24  Medivac, Supply Depot  
  109  10:42  Supply Depot  
  109  10:46  Marine x5  
  109  10:47  Marine x2  
  116  10:50  Marine x3  
  116  10:51  Marine x3  
  121  11:03  Marine  
  121  11:04  Marine x5  
  122  11:05  Marine  
  122  11:08  Marine x4  
  122  11:09  Marine x2  
  101  11:13  Medivac x2  
  101  11:15  Terran Infantry Weapons Level 1  
  101  11:16  Supply Depot  
  101  11:17  Supply Depot  
  105  11:21  Marine x2  
  105  11:22  SCV  
  108  11:27  Orbital Command  
  86  11:34  Marine x3  
  86  11:35  Marine x2  
  75  11:43  Medivac x2  
  75  11:48  Marine x2  
  75  11:49  Marine x5  
  75  11:50  Marine  
  75  11:52  Marine x4  
  75  11:53  Marine  
  72  12:06  Marine x3  
  72  12:07  Marine x5  
  71  12:09  Marine  
  71  12:10  Marine x4  
  71  12:17  SCV x3  
  72  12:24  Marine x4  
  72  12:25  Marine x4  
  72  12:27  Marine x2  
  72  12:28  Marine  
  72  12:29  SCV  
  84  12:34  SCV x2  
  84  12:35  Marine  
  84  12:36  Marine  
  88  12:41  SCV  
  88  12:42  Marine x4  
  93  12:46  SCV, Marine  
  93  12:47  Marine, SCV  
  93  12:49  Command Center  
  97  12:55  SCV  
  97  12:56  Marine  
  99  12:58  SCV  
  99  12:59  Supply Depot  
  97  13:09  Marine  
  97  13:10  Marine x5  
  83  13:13  Marine x3  
  83  13:15  Marine x3  
  83  13:16  Marine  
  74  13:27  Marine x2  
  74  13:28  Marine x2  
  75  13:35  Marine x2  
  75  13:36  Marine x3  
  72  13:51  Marine x3  
  72  13:52  Marine x2  
  72  13:53  Marine  
  78  13:56  Marine  
  78  14:02  Marine x2  
  80  14:04  Orbital Command  
  81  14:12  Marine  
  81  14:13  Marine x2  
  81  14:14  Marine  
  85  14:18  Marine  
  85  14:21  Marine  
  87  14:39  Marine x3  
  90  14:53  Marine  
  90  14:57  Marine  
Show
View Real Time Build Order
Export as new Build Order

KimchiMan Zerg - Winner!

Build Orders: Hatch First, Muta Ling Bane, Ravager All-In 

Get SALT Encoding   

  12  0:01  Drone  
  13  0:08  Drone  
  14  0:19  Overlord  
  14  0:38  Drone x3  
  17  0:56  Hatchery  
  16  1:05  Drone x2  
  16  1:08  Extractor  
  17  1:12  Drone  
  18  1:22  Spawning Pool  
  18  1:24  Drone  
  18  1:33  Extractor  
  18  1:34  Drone  
  18  1:42  Drone  
  19  1:53  Overlord  
  19  2:09  Queen  
  19  2:10  Drone  
  19  2:11  Queen  
  19  2:12  Drone  
  25  2:20  Drone  
  25  2:21  Drone  
  27  2:28  Roach Warren  
  26  2:30  Drone  
  26  2:32  Drone  
  28  2:39  Drone  
  28  2:40  Drone  
  30  2:55  Overlord  
  30  3:00  Drone  
  31  3:07  Lair  
  31  3:10  Drone  
  32  3:18  Roach x2  
  32  3:19  Roach x3  
  42  3:23  Drone  
  43  3:36  Metabolic Boost  
  43  3:38  Drone  
  43  3:39  Overlord x2  
  44  3:55  Extractor  
  43  4:07  Roach x3  
  43  4:08  Roach x3  
  55  4:10  Overlord x2  
  55  4:16  Queen  
  57  4:32  Ravager x4  
  61  4:40  Ravager  
  61  4:42  Drone x5  
  61  4:43  Drone x2  
  69  4:58  Glial Reconstitution  
  69  5:07  Zergling x8  
  67  5:37  Roach x4  
  75  5:47  Drone  
  76  5:51  Drone  
  76  5:52  Overlord x4  
  68  6:02  Spire  
  67  6:08  Drone  
  67  6:09  Extractor  
  67  6:11  Ravager x4  
  71  6:14  Ravager  
  71  6:17  Hatchery  
  71  6:20  Drone  
  72  6:29  Overlord  
  72  6:30  Overlord  
  72  6:31  Drone  
  73  6:33  Drone x4  
  65  7:02  Overlord x2  
  65  7:11  Drone x2  
  67  7:26  Evolution Chamber  
  67  7:27  Evolution Chamber  
  67  7:29  Queen  
  65  7:30  Drone  
  65  7:32  Mutalisk x3  
  65  7:33  Mutalisk x3  
  80  7:57  Drone x2  
  80  7:58  Baneling Nest  
  72  8:00  Drone x6  
  72  8:04  Zerg Ground Armor Level 1  
  78  8:07  Zerg Melee Weapons Level 1  
  78  8:11  Drone  
  78  8:12  Hatchery  
  78  8:17  Mutalisk  
  78  8:18  Mutalisk  
  82  8:24  Overseer  
  82  8:25  Overseer  
  82  8:26  Overseer  
  82  8:33  Drone x3  
  85  8:34  Extractor  
  85  8:39  Zergling x2, Extractor  
  85  8:40  Zergling x14  
  85  8:41  Zergling x2  
  92  8:42  Centrifical Hooks  
  92  8:49  Spine Crawler  
  92  8:50  Mutalisk, Spine Crawler x2  
  92  8:52  Zergling x12  
  92  8:55  Ravager  
  98  8:59  Baneling  
  98  9:00  Baneling  
  77  9:20  Queen  
  77  9:22  Mutalisk x2  
  83  9:33  Drone x2  
  83  9:36  Zergling x10, Mutalisk  
  83  9:37  Zergling x2, Mutalisk  
  95  9:38  Zergling x4  
  95  9:39  Queen, Zergling x2  
  95  9:40  Drone x2  
  102  9:47  Ravager x2  
  102  9:49  Ravager  
  105  10:01  Overlord  
  105  10:02  Overlord  
  105  10:04  Zergling x8  
  105  10:05  Zergling x12  
  114  10:32  Baneling x6  
  114  10:33  Baneling x7  
  114  10:34  Baneling x7  
  113  10:38  Mutalisk x2  
  113  10:39  Mutalisk  
  119  10:58  Infestation Pit  
  119  11:00  Zergling x10, Mutalisk x2  
  119  11:01  Zergling x6  
  121  11:15  Zerg Melee Weapons Level 2  
  121  11:17  Overlord  
  109  11:37  Mutalisk x3  
  109  11:38  Zergling x8  
  109  11:39  Zergling x2  
  118  11:56  Mutalisk x4  
  118  11:58  Hive  
  118  12:00  Drone x3  
  121  12:14  Zerg Flyer Weapons Level 1, Hatchery  
  110  12:27  Baneling x2  
  110  12:28  Baneling x7  
  110  12:29  Baneling x7  
  110  12:31  Zergling x8  
  110  12:36  Zergling x4  
  116  12:37  Overlord x2  
  116  12:41  Drone x2  
  116  12:42  Drone x2  
  120  12:55  Overlord x2  
  120  12:59  Mutalisk x2  
  120  13:00  Mutalisk  
  110  13:24  Zergling x2  
  110  13:25  Zergling x14  
  110  13:26  Zergling x8  
  117  13:42  Drone x3  
  117  13:43  Drone  
  117  13:45  Spine Crawler  
  117  13:47  Spine Crawler  
  117  13:48  Spine Crawler x2  
  118  13:51  Drone x3, Spine Crawler  
  119  13:58  Drone x3  
  119  14:01  Extractor  
  121  14:03  Extractor  
  121  14:04  Ultralisk Cavern  
  119  14:30  Drone x3, Extractor  
  121  14:32  Extractor  
  121  14:34  Drone x2  
  121  14:35  Hatchery  
  121  14:43  Baneling  
  121  14:44  Baneling x23  
  121  14:48  Zergling x12  
Tags
 
Add a new tag
Caveats
  • Supply blocks, unpowered buildings, or Contaminate may cause inaccurate times.
  • Supply counts are checked every 10 seconds.